 Dungeon Crawl Stone Soup version 0.26-a0-61-g6c07f0ee8d (webtiles) character file.

Game seed: 3941361180403757851

37 MarredHen the Ducker (level 3, -3/19 HPs)
             Began as a Spriggan Monk on June 9, 2020.
             Slain by a leopard gecko (5 damage)
             ... on level 2 of the Dungeon.
             The game lasted 00:01:52 (1663 turns).

MarredHen the Ducker (Spriggan Monk)                Turns: 1663, Time: 00:01:52

Health: -3/19      AC:  2    Str:  7    XL:     3   Next: 21%
Magic:  1/1        EV: 21    Int: 11    God:
Gold:   8          SH:  0    Dex: 19    Spells: 2/2 levels left

rFire    . . .     SeeInvis +   j - +1 dagger (antimagic)
rCold    . . .     Gourm    .   (shield restricted)
rNeg     . . .     Faith    .   b - +0 robe
rPois    .         Spirit   .   (helmet restricted)
rElec    .         Reflect  .   (no cloak)
rCorr    .         Harm     .   (gloves unavailable)
MR       .....                  (boots unavailable)
Stlth    +++.......             (no amulet)
HPRegen  0.06/turn              (no ring)
MPRegen  0.07/turn              (no ring)

@: very quick
A: very small, unfitting armour, see invisible, herbivore, speed 3, slow
metabolism 2
a: no special abilities


You were on level 2 of the Dungeon.
You were not hungry.

You visited 1 branch of the dungeon, and saw 2 of its levels.

You collected 8 gold pieces.

Inventory:

Hand Weapons
 a - a +0 short sword
 j - a +1 antimagic dagger (weapon)
Armour
 b - a +0 robe (worn)
Scrolls
 d - 3 scrolls of identify {unknown}
 e - a scroll of immolation {unknown}
 h - a scroll of magic mapping {unknown}
Potions
 f - a potion of might {unknown}
 g - a potion of curing {unknown}
 i - a potion of lignification {unknown}
Comestibles
 c - 2 rations


   Skills:
 + Level 2.6 Fighting
 + Level 3.7 Short Blades
 + Level 5.2 Dodging
 + Level 3.7 Stealth


You had 2 spell levels left.
You didn't know any spells.
Your spell library was empty.

Dungeon Overview and Level Annotations

Branches:
Dungeon (2/15)

Altars:

Annotations:
D:2 Robin


Innate Abilities, Weirdness & Mutations

You are very small and have problems with some larger weapons.
You are too small for most types of armour.
You have supernaturally acute eyesight. (SInv)
You are a herbivore.
You cover ground extremely quickly.
You need to consume almost no food.


Message History

You kill the goblin!
The leopard gecko closely misses you.
Robin's bangles clink loudly.
You hit the leopard gecko but do no damage.
You barely miss the leopard gecko. The leopard gecko barely misses you.
You barely miss the leopard gecko. The leopard gecko bites you.
You hit the leopard gecko.
The leopard gecko is severely wounded.
The leopard gecko completely misses you.
You hit the leopard gecko but do no damage.
The leopard gecko is severely wounded.
The leopard gecko barely misses you.
You closely miss the leopard gecko.
The leopard gecko is severely wounded.
The leopard gecko bites you.
* * * LOW HITPOINT WARNING * * *
You hit the leopard gecko.
The leopard gecko is almost dead.
The leopard gecko bites you.
You die...

#.##.....#.>..#.#.#
#...<.........#.#.####.
####g....##........)...
#g...###.........#
#)#.##.....#.#.#.#
#g#.##.....#.# ..
#)#..........# .#
#g####.....####..#
#Kl@.............#
#####.##..#####.##
#...........#
######..####...#
.............# #
######.†####...
#......... ##<####...
#.# #.#


You could see Robin, a leopard gecko and a kobold.

Vanquished Creatures
  A dart slug (D:1)
  A leopard gecko (D:1)
  7 goblins (D:2)
  4 hobgoblins
  4 bats (D:1)
  2 frilled lizards (D:1)
  6 kobolds (D:1)
  6 rats (D:1)
31 creatures vanquished.

Notes
Turn   | Place    | Note
-------+----------+-------------------------------------------
     0 | D:1      | MarredHen the Spriggan Monk began the quest for the Orb.
     0 | D:1      | Reached XP level 1. HP: 11/11 MP: 2/2
   421 | D:1      | Reached XP level 2. HP: 14/16 MP: 3/3
  1306 | D:1      | Reached skill level 5 in Dodging
  1624 | D:2      | Reached XP level 3. HP: 12/19 MP: 4/4
  1645 | D:2      | Noticed Robin
  1663 | D:2      | Slain by a leopard gecko

Illustrated notes

Levels and vault maps discovered:
D:1:      lightli_arrival_lavapool, layout_basic
D:2:      layout_loops_ring, nicolae_dithmenos_through_a_glass_darkly,
          first_ration, serial_bayou_lagoon_b, uniq_robin

Skill      XL: |  1  2 |
---------------+-------+-----
Dodging        | 5 |  5.2
Fighting       | |  2.6
Short Blades   | |  3.7
Stealth        | |  3.7

Action                   || total
-------------------------++-------
Melee: Short sword       ||   118
       Dagger            ||    12
 Stab: Sleeping          ||     4
Armor: Robe              ||    13
Dodge: Dodged            ||   114

Table legend:
 A = Non-vault XP
 B = Vault XP
 C = Vault XP percentage of total XP
 D = Non-vault monster count
 E = Vault monster count
 F = Vault count percentage of total count
                 A         B        C        D         E       F
            +---------+---------+-------+---------+---------+-------
      Total |      39 |      14 |  26.4 |      24 |       7 |  22.6
            +---------+---------+-------+---------+---------+-------
        D:1 |      37 |       0 |   0.0 |      23 |       0 |   0.0
        D:2 |       2 |      14 |  87.5 |       1 |       7 |  87.5
            +---------+---------+-------+---------+---------+-------
